 Dungeon Crawl Stone Soup version 0.29.1-14-g9c671dbff4 (webtiles) character file.

Game seed: 10062927890389584250

152 protoss039 the Digger (level 5, -2/39 HPs)
             Began as a Demonspawn Earth Elementalist on Feb 16, 2023.
             Slain by a river rat (8 damage)
             ... on level 3 of the Dungeon.
             The game lasted 00:03:13 (2866 turns).

protoss039 the Digger (DsEE)                        Turns: 2866, Time: 00:03:13

Health: -2/39      AC:  3    Str:  8    XL:     5   Next: 11%
Magic:  8/9        EV: 14    Int: 19    God:
Gold:   137        SH:  0    Dex: 13    Spells: 7/10 levels left

rFire   . . .      SeeInvis .   j - +1 war axe (vorpal)
rCold   . . .      Faith    .   (no shield)
rNeg    . . .      Spirit   .   a - +0 robe
rPois   .          Reflect  .   (no helmet)
rElec   .          Harm     .   (no cloak)
rCorr   .          Rampage  .   k - +0 pair of gloves
Will    .....                   (no boots)
Stlth   ++........              (no amulet)
HPRegen 0.13/turn               (no ring)
MPRegen 0.11/turn               (no ring)

@: no status effects
A: repulsion field 1, demonic touch 1
a: no special abilities


You were on level 3 of the Dungeon.
You visited 1 branch of the dungeon, and saw 3 of its levels.

You collected 137 gold pieces.

Inventory:

Hand Weapons
 j - a +1 vorpal war axe (weapon)
Armour
 a - a +0 robe (worn)
 k - a +0 pair of gloves (worn)
 m - a +1 scale mail of willpower
Scrolls
 d - 2 scrolls of enchant armour {unknown}
 f - a scroll of enchant weapon {unknown}
 g - 4 scrolls of identify {unknown}
 h - 2 scrolls of teleportation {unknown}
 i - a scroll of brand weapon {unknown}
 o - a scroll of amnesia {unknown}
 q - a scroll of torment {unknown}
Potions
 b - a potion of magic
 c - 2 potions of heal wounds {unknown}
 e - a potion of mutation {unknown}
 l - 2 potions of cancellation {unknown}
 n - 2 potions of curing {unknown}
 p - a potion of ambrosia {unknown}


   Skills:
 + Level 2.6 Fighting
 - Level 1.7 Dodging
 - Level 1.7 Stealth
 + Level 3.2 Spellcasting
 - Level 0.8 Transmutations
 + Level 3.7 Earth Magic


You had 7 spell levels left.
You knew the following spells:

 Your Spells              Type           Power      Damage    Failure   Level
a - Sandblast             Erth           34%        2d9       3%          1
b - Passwall              Tmut/Erth      9%         N/A       9%          2

Your spell library contained the following spells:

 Spells                   Type           Power      Damage    Failure   Level
 Stone Arrow              Conj/Erth      20%        3d8       21%         3
 Petrify                  Tmut/Erth      11%        N/A       50%         4


Dungeon Overview and Level Annotations

Branches:
Dungeon (3/15) Zot: 15075

Altars:

Shops:
D:2 *


Innate Abilities, Weirdness & Mutations

You are surrounded by a mild repulsion field. (EV +2)
Your touch may inflict minor irresistible damage on your foes.


Message History

Your unstable footing causes you to fumble your attack.
The river rat bites you. The worm misses you. The river rat bites you.
Unknown command.
Your unstable footing causes you to fumble your attack.
The river rat misses you. The worm bites you.
Unknown command.
You closely miss the river rat.
You touch the river rat!
The river rat is almost dead.
You hit the worm.
The river rat completely misses you. x2; The worm bites you.
Unknown command.
Unknown command.
You are too injured to fight recklessly!
Unknown command.
Casting: Sandblast (safe; 3% risk of failure)
Confirm with . or Enter, or press ? or * to list all spells.
Aiming: Sandblast (safe; 3% risk of failure)
Press: ? - help, Shift-Dir - straight line, f - worm
Aim: a worm (moderately wounded, 94% to hit)
You miscast Sandblast.
You are very lightly contaminated with residual magic.
Nothing appears to happen.
The river rat closely misses you.
Unknown command.
Unknown command.
The river rat bites you!
* * * LOW HITPOINT WARNING * * *
The river rat attacks as you move away! The river rat misses you.
The river rat bites you.
* * * LOW HITPOINT WARNING * * *
The river rat attacks as you move away!
The river rat bites you but does no damage.
Your magical contamination has completely faded away.
Casting: Sandblast (safe; 3% risk of failure)
Confirm with . or Enter, or press ? or * to list all spells.
Aiming: Sandblast (safe; 3% risk of failure)
Press: ? - help, Shift-Dir - straight line, f - river rat
Aim: a river rat (severely wounded, 80% to hit)
The blast of sand hits the river rat but does no damage.
The river rat is severely wounded.
The river rat bites you!
You die...

########## #.~~~'~~~#
#.~.~#~.~# #.wB~# ~~#
#..~~###+#
###################r.~~~~~~#
..........).....@r.รท[.~~.~~#
###################.......~#
#........# ####..##.# ##....#
#.#### #.# #.# #.#


You could see a river rat and a rat.

Vanquished Creatures
  An iguana (D:2)
  3 adders
  3 gnolls (D:2)
  3 worms
  2 dart slugs
  8 ball pythons
  6 bats
  5 endoplasms
  4 giant cockroaches
  5 goblins
  3 hobgoblins
  2 quokkas
  4 frilled lizards
  6 kobolds
  6 rats
61 creatures vanquished.

Notes
Turn   | Place    | Note
-------+----------+-------------------------------------------
     0 | D:1      | protoss039 the Demonspawn Earth Elementalist began the
                  | quest for the Orb.
     0 | D:1      | Reached XP level 1. HP: 13/13 MP: 3/3
   313 | D:1      | Gained mutation: You are surrounded by a mild repulsion
                  | field. (EV +2) [demonic ancestry]
   313 | D:1      | Reached XP level 2. HP: 20/20 MP: 3/5
   364 | D:1      | Reached skill level 1 in Fighting
   681 | D:1      | Learned a level 2 spell: Passwall
   997 | D:2      | Found Cauhur's Assorted Antiques.
  1002 | D:2      | Gained mutation: Your touch may inflict minor irresistible
                  | damage on your foes. [demonic ancestry]
  1002 | D:2      | Reached XP level 3. HP: 26/26 MP: 3/6
  1345 | D:2      | Reached XP level 4. HP: 33/33 MP: 4/8
  2434 | D:3      | Reached XP level 5. HP: 30/39 MP: 9/9
  2866 | D:3      | Slain by a river rat

Illustrated notes

Levels and vault maps discovered:
D:1:      giann_forest_graveyard, layout_basic
D:2:      minmay_recursive_quarters, layout_basic, serial_shops,
          nicolae_shop_waterfront
D:3:      layout_basic, portal_sewer_entry_e

Skill      XL: |  1  2  3  4 |
---------------+-------------+-----
Fighting       | 1 2 |  2.6
Earth Magic    | 3 |  3.7
Spellcasting   | 3 |  3.2
Dodging        | |  1.7
Stealth        | |  1.7
Transmutations | |  0.8

Action                   |  1- 3 |  4- 6 || total
-------------------------+-------+-------++-------
Melee: Dagger            |     8 |       ||     8
       War axe           |    12 |    71 ||    83
       Punch             |     1 |       ||     1
       Touch             |       |     8 ||     8
 Cast: Sandblast         |    23 |     9 ||    32
 Stab: Sleeping          |     2 |     3 ||     5
Armor: Robe              |     6 |    11 ||    17
Dodge: Dodged            |    20 |    52 ||    72
